 Dungeon Crawl Stone Soup version 0.27.0-1-g7a089689b8 (webtiles) character file.

Game seed: 12732617986424935166

5114 MajorAdolf the Frost Mage (level 10, -2/85 HPs)
             Began as a Naga Wanderer on Aug 13, 2021.
             Was an Initiate of Gozag.
             Killed from afar by a starcursed mass (7 damage)
             ... with an accursed screaming
             ... on level 1 of the Abyss.
             The game lasted 00:29:33 (16969 turns).

MajorAdolf the Frost Mage (Naga Wanderer)          Turns: 16969, Time: 00:29:34

Health: -2/85      AC:  8    Str: 16    XL:     10   Next: 58%
Magic:  26/26      EV:  5    Int: 23    God:    Gozag
Gold:   723        SH: 19    Dex: 12    Spells: 12/25 levels left

rFire    + + .     SeeInvis +   d - +0 dagger (venom)
rCold    + . .     Faith    .   q - +0 tower shield
rNeg     . . .     Spirit   .   I - +1 ring mail of Vemop {MP+9 Int+2}
rPois    +         Reflect  +   o - +0 helmet of Claustrophobia {rF++}
rElec    .         Harm     .   (no cloak)
rCorr    .         Rampage  .   v - +0 pair of gloves
Will     +....     Rnd*Rage +   (no barding)
Stlth    +++.......             l - amulet of reflection
HPRegen  0.00/turn              i - +6 ring of intelligence
MPRegen  0.20/turn              x - ring of protection from cold

@: mildly diseased, very slow
A: AC +3, large, see invisible, deformed body, poison resistance, slowness 2,
spit poison 1, naga tail 1, thin skeletal structure 1, [berserk 2], [low mp 2]
a: Spit Poison, Renounce Religion, Potion Petition, Call Merchant, Bribe Branch


You were on level 1 of the Abyss.
You worshipped Gozag.
Gozag was pleased with you.
You visited 2 branches of the dungeon, and saw 10 of its levels.
You visited the Abyss 1 time.
You also visited: Sewer.

You collected 1260 gold pieces.
You spent 469 gold pieces at shops.
You paid 68 gold pieces to Gozag.

Inventory:

Hand Weapons
 a - a +0 club
 d - a +0 dagger of venom (weapon)
Armour
 o - the +0 helmet of Claustrophobia (worn) {rF++}
   (You took it off Robin on level 2 of the Dungeon)

   rF:        It greatly protects you from fire.
 q - a +0 tower shield (worn)
 t - a +2 robe of positive energy
 v - a +0 pair of gloves (worn)
 I - the +1 ring mail of Vemop (worn) {MP+9 Int+2}
   (You bought it in a shop on level 2 of the Dungeon)

   Int:       It affects your intelligence (+2).
   MP:        It affects your magic capacity (+9).
Jewellery
 f - a ring of ice
 i - a +6 ring of intelligence (left hand)
 l - an amulet of reflection (around neck)
 p - a ring of wizardry
 x - a ring of protection from cold (right hand)
 E - a ring of flight
 L - an amulet of magic regeneration
 M - a ring of magical power
Wands
 n - a wand of charming (7)
 z - a wand of acid (11)
 C - a wand of mindburst (18)
 J - a wand of flame (13)
Scrolls
 b - a scroll of identify
 w - a scroll of enchant armour
 y - a scroll of holy word
 D - a scroll of summoning
 F - a scroll of noise {unknown}
 G - a scroll of magic mapping {unknown}
 H - a scroll of amnesia {unknown}
 K - a scroll of fear {unknown}
Potions
 c - 4 potions of heal wounds
 e - a potion of berserk rage
 g - 2 potions of curing
 h - a potion of mutation
 j - 2 potions of haste
 k - a potion of invisibility
 m - a potion of flight
 r - 3 potions of might
 s - 3 potions of attraction
 u - a potion of resistance
 B - a potion of lignification


   Skills:
 + Level 3.8 Fighting
 + Level 5.1 Stealth
 + Level 5.7 Shields
 - Level 1.0 Unarmed Combat
 + Level 8.3 Spellcasting
 + Level 2.9 Conjurations
 + Level 2.9 Necromancy
 + Level 8.5 Ice Magic
 - Level 1.3 Poison Magic
 - Level 2.0 Evocations


You had 12 spell levels left.
You knew the following spells:

 Your Spells              Type           Power      Damage    Failure   Level
a - Freeze                Ice            100%       1d11      3%          1
b - Ozocubu's Armour      Ice            48%        N/A       9%          3
c - Frozen Ramparts       Ice            96%        1d11      9%          3
d - Hailstorm             Conj/Ice       36%        3d9       67%         4
e - Sublimation of Blood  Necr           11%        N/A       41%         2

Your spell library contained the following spells:

 Spells                   Type           Power      Damage    Failure   Level
 Animate Skeleton         Necr           46%        N/A       28%         1
 Pain                     Necr           92%        1d8       28%         1
 Sting                    Tmut/Pois      48%        1d5       58%         1
 Vampiric Draining        Necr           11%        2d7       65%         3
 Beastly Appendage        Tmut           18%        N/A       67%         1
 Wereblood                Tmut           9%         N/A       82%         2
 Spider Form              Tmut/Pois      6%         N/A       91%         3
 Gell's Gravitas          Tloc           4%         N/A       96%         3
 Lesser Beckoning         Tloc           4%         N/A       96%         3
 Portal Projectile        Hex/Tloc       18%        N/A       96%         3
 Teleport Other           Tloc           9%         N/A       96%         3
 Metabolic Englaciation   Hex/Ice        14%        N/A       99%         5
 Petrify                  Tmut/Erth      9%         N/A       100%        4
 Blade Hands              Tmut           4%         N/A       100%        5
 Excruciating Wounds      Necr           11%        N/A       100%        5
 Statue Form              Tmut/Erth      6%         N/A       100%        6
 Summon Hydra             Summ           4%         N/A       100%        7


Dungeon Overview and Level Annotations

Branches:
Dungeon (9/15)             Temple (1/1) D:5             Orc (0/2) D:9
  Sewer (visited)
   Lair: D:8-11

Altars:
Ashenzari
Cheibriados
Dithmenos
Elyvilon
Fedhas
Gozag
Hepliaklqana
Kikubaaqudgha
Makhleb
Nemelex Xobeh
Okawaru
Qazlal
Ru
Sif Muna
Trog
Uskayaw
Vehumet
Wu Jian
Xom
Yredelemnul
Zin
The Shining One

Shops:
D:1 ?   D:2 [   D:5 (

Annotations:
D:6 1 runed translucent door, Rayvis's ghost, novice GnFi
D:7 2 transporters, exclusion: wight, Harold; windycow's ghost, novice MiFi
D:9 Erolcha


Innate Abilities, Weirdness & Mutations

Your serpentine skin is tough. (AC +3)
You have supernaturally acute eyesight. (SInv)
Armour fits poorly on your strangely shaped body.
Your system is resistant to poisons. (rPois)
You cover ground very slowly.
You can spit poison.
You have a snake-like lower body.
You have a somewhat thin skeletal structure. (Dex +2, Stealth+)
[You often lose your temper in combat.]
[Your magical capacity is very low. (-20% MP)]


Message History

A starcursed mass comes into view.
A starcursed mass splits.
The starcursed mass shrieks in your mind.
A starcursed mass splits.
A starcursed mass splits.
A chorus of shrieks assaults your mind.
Found 2 potions of heal wounds.
A thrashing horror comes into view.
The thrashing horror is distracted by your dazzling golden aura.
A starcursed mass splits.
An ancient zyme comes into view.
The ancient zyme moves out of view.
You see here 2 potions of heal wounds.
c - 5 potions of heal wounds (gained 2)
A chorus of shrieks assaults your mind.
* * * LOW HITPOINT WARNING * * *
You feel much better. You block the starcursed mass's attack.
Unknown command.
A blizzard demon comes into view.
The starcursed mass touches you. You block the starcursed mass's attack.
The starcursed mass touches you but does no damage.
The starcursed mass touches you.
A wretched star comes into view.
The starcursed mass touches you but does no damage.
The starcursed mass touches you! You block the starcursed mass's attack.
A chorus of shrieks assaults your mind.
* * * LOW HITPOINT WARNING * * *
The wretched star pulses with an eldritch light!
You feel a little pissed off.
You feel angry.
You feel less energetic. x2
The starcursed mass touches you.
* * * LOW HITPOINT WARNING * * *
The starcursed mass touches you.
* * * LOW HITPOINT WARNING * * *
A chorus of shrieks assaults your mind.
* * * LOW HITPOINT WARNING * * *
Unknown command.
A chorus of shrieks assaults your mind.
You die...
Your body crumbles into a pile of gold.

#.#..## .#.#......#
#...#..3###.#..#.
... . .......#....
#
#.....###.#.##*###
#..............##
......#....#§#.XX.#
# X###.##
....#.##X##.# . ...
# #.###.X..#
..#.#.#. ..###@#.#
###...# # #...#..##
# . ...#.... ##.
.#....### #.#.
..#.# .#.#. § . ..


You could see 4 starcursed masses and a wretched star.

Vanquished Creatures
  An ugly thing (Abyss:1)
  Joseph (D:7)
  An ancient zyme (Abyss:1)
  2 wyverns
  Sigmund (D:5)
  2 water moccasins (D:6)
  2 orc warriors (D:9)
  2 ice beasts
  A hornet zombie (D:8)
  A sky beast (D:8)
  7 ogres
  2 centaurs
  2 phantoms (D:6)
  Blork the orc (D:4)
  A scorpion (D:6)
  2 bullfrogs (Sewer)
  A wyvern skeleton (D:6)
  A water moccasin skeleton (D:6)
  A small abomination (Abyss:1)
  A howler monkey (D:6)
  A centaur zombie (D:8)
  3 bullfrog zombies
  7 jellies
  7 orc priests
  2 bullfrog skeletons (D:6)
  A centaur skeleton (D:4)
  A gnoll shaman (D:6)
  5 hounds
  Terence (D:2)
  4 iguanas
  9 orc wizards
  Robin (D:2)
  7 gnolls
  17 adders
  A white imp (D:7)
  3 ufetubi
  An adder skeleton (D:4)
  3 worms
  4 dart slugs
  22 orcs
  10 ball pythons
  10 endoplasms
  10 giant cockroaches
  18 goblins
  4 hobgoblins
  9 jackals
  5 kobolds
  12 quokkas
  13 bats
  6 frilled lizards
  6 rats
236 creatures vanquished.

Vanquished Creatures (others)
  11 plants
11 creatures vanquished.

Grand Total: 247 creatures vanquished

Notes
Turn   | Place    | Note
-------+----------+-------------------------------------------
     0 | D:1      | MajorAdolf the Naga Wanderer began the quest for the Orb.
     0 | D:1      | MajorAdolf set off with the following items: a +0 club, a
                  | +0 robe, a potion of lignification; and the following
                  | spells available to memorise: Freeze, Sting, Frozen
                  | Ramparts, Ozocubu's Armour, Spider Form, Hailstorm
     0 | D:1      | Reached XP level 1. HP: 19/19 MP: 4/4
     2 | D:1      | Learned a level 1 spell: Freeze
   212 | D:1      | Reached XP level 2. HP: 26/26 MP: 6/6
   876 | D:1      | Found Wedof's Magic Scroll Shoppe.
  1056 | D:1      | Reached XP level 3. HP: 30/32 MP: 5/7
  1723 | D:2      | Reached XP level 4. HP: 35/39 MP: 4/9
  2027 | D:2      | Found Repturr's Armour Shop.
  2610 | D:2      | Noticed Terence
  2623 | D:2      | Killed Terence
  2624 | D:2      | Reached XP level 5. HP: 26/45 MP: 2/11
  3071 | D:2      | Identified the +0 helmet of Claustrophobia {rF++}
  3071 | D:2      | Noticed Robin
  3086 | D:2      | Killed Robin
  3441 | D:3      | Gained mutation: You have a somewhat thin skeletal
                  | structure. (Dex +2, Stealth+) [potion of mutation]
  3481 | D:3      | Learned a level 3 spell: Ozocubu's Armour
  3485 | D:3      | Learned a level 3 spell: Frozen Ramparts
  3541 | D:3      | Found a glowing drain.
  3556 | Sewer    | Entered a sewer
  3830 | Sewer    | Reached XP level 6. HP: 26/52 MP: 5/13
  4146 | Sewer    | Reached skill level 5 in Spellcasting
  4920 | D:3      | Reached XP level 7. HP: 32/60 MP: 2/15
  5064 | D:3      | Reached skill level 1 in Shields
  5319 | D:3      | Reached skill level 5 in Ice Magic
  6360 | D:4      | Noticed Blork the orc
  6372 | D:4      | Killed Blork the orc
  6761 | D:4      | Reached XP level 8. HP: 66/67 MP: 7/17
  7404 | D:5      | Entered Level 5 of the Dungeon
  7516 | D:5      | Found Facuutta's Antique Weapon Emporium.
  7556 | D:5      | Found a staircase to the Ecumenical Temple.
  7566 | Temple   | Entered the Ecumenical Temple
  7665 | Temple   | Became a worshipper of Gozag Ym Sagoz the Greedy
  7948 | D:5      | Noticed Sigmund
  9044 | D:5      | Killed Sigmund
  9881 | D:6      | Reached XP level 9. HP: 70/73 MP: 5/19
 11344 | D:6      | Found a bloodstained altar of Trog.
 11344 | D:6      | Found a stormy altar of Qazlal.
 11386 | D:6      | Reached skill level 5 in Shields
 11499 | D:6      | Found an ancient bone altar of Kikubaaqudgha.
 11522 | D:6      | Found the +5 scythe "Finisher" {speed, eviscerate}
 11538 | D:6      | Noticed Rayvis's ghost (novice GnFi)
 11555 | D:6      | Found a runed translucent door.
 11639 | D:6      | Learned a level 4 spell: Hailstorm
 11642 | D:6      | Learned a level 2 spell: Sublimation of Blood
 11906 | D:6      | Reached skill level 1 in Stealth
 12404 | D:7      | Reached skill level 1 in Conjurations
 12404 | D:7      | Reached skill level 1 in Necromancy
 12518 | D:7      | Noticed Harold
 12897 | D:7      | Found a transporter.
 12899 | D:7      | Found a transporter.
 12900 | D:7      | Noticed windycow's ghost (novice MiFi)
 12934 | D:7      | Noticed a queen bee
 12958 | D:7      | Noticed Joseph
 12985 | D:7      | Killed Joseph
 12986 | D:7      | Reached XP level 10. HP: 49/84 MP: 7/22
 13955 | D:2      | Bought the +1 ring mail of Vemop {MP+9 Int+2} for 469 gold
                  | pieces
 15395 | D:8      | Found a white marble altar of Elyvilon.
 16414 | D:9      | Found a staircase to the Orcish Mines.
 16577 | D:9      | Noticed Erolcha
 16592 | D:9      | Cast into level 1 of the Abyss (Erolcha)
 16646 | Abyss:1  | Noticed a bone dragon
 16651 | Abyss:1  | Noticed a starcursed mass
 16687 | Abyss:1  | Noticed a brown ugly thing
 16690 | Abyss:1  | Noticed a brown very ugly thing
 16697 | Abyss:1  | Killed a green ugly thing
 16890 | Abyss:1  | Found a corrupted altar of Lugonu.
 16913 | Abyss:1  | Noticed a thrashing horror
 16930 | Abyss:1  | Noticed a glowing orange brain
 16946 | Abyss:1  | Reached skill level 5 in Stealth
 16948 | Abyss:1  | Noticed a starcursed mass
 16952 | Abyss:1  | Noticed a thrashing horror
 16962 | Abyss:1  | Noticed a blizzard demon
 16965 | Abyss:1  | Noticed a wretched star
 16969 | Abyss:1  | Killed from afar by a starcursed mass

Illustrated notes

Levels and vault maps discovered:
D:1:      dpeg_arrival_subterranean_lakeside_camping, layout_basic,
          serial_shops, nicolae_shop_trees
D:2:      layout_basic, serial_shops, shop, amcnicky_mini_pool_small,
          serial_bayou_pond_d, minmay_increasing_density, uniq_robin,
          uniq_terence
D:3:      wad_woods_settlement, layout_basic, gup_sewer_entry_pipe
D:4:      layout_basic, st_stairs_10, uniq_blork_the_orc
D:5:      layout_loops_cross, minmay_temple_entry_large_hall, serial_shops,
          nicolae_inconvenience_store, kennysheep_generic_room_7, uniq_sigmund
D:6:      minmay_chambers_of_threes, layout_layer_cave,
          gammafunk_temple_overflow_claw, hellmonk_ghost_happy_afterlife,
          serial_glass, glass_columns_c, glass_columns_b, glass_columns_a,
          glass_columns_a, glass_columns_a, glass_columns_a, glass_columns_a,
          glass_columns_a, glass_columns_a, glass_columns_a, glass_columns_c,
          glass_columns_b, glass_columns_c, glass_columns_b
D:7:      minmay_recursive_quarters, layout_basic, gammafunk_ghost_hive,
          minmay_crystal_water, minmay_misc_feat_more_columns, uniq_joseph,
          uniq_harold
D:8:      layout_loops_corners, overflow_temple_1_default
D:9:      layout_basic, david_orc_3, minmay_puff, uniq_erolcha, uniq_maggie
Temple:   compressed_dpeg_circular_temple
Abyss:1:  base: D:6, lemuel_flamethrower_hall

Skill      XL: |  1  2  3  4  5  6  7  8  9 10 |
---------------+-------------------------------+-----
Ice Magic      | 2 3 4 5 6 8 |  8.5
Spellcasting   | 4 5 6 7 8 |  8.3
Shields        | 2 4 5 |  5.7
Stealth        | 3 5 |  5.1
Conjurations   | 1 2 |  2.9
Necromancy     | 1 2 |  2.9
Fighting       | 3 |  3.8
Unarmed Combat | |  1.0
Poison Magic   | |  1.3
Evocations     | |  2.0

Action                   |  1- 3 |  4- 6 |  7- 9 | 10-12 || total
-------------------------+-------+-------+-------+-------++-------
Melee: Dagger            |    10 |     9 |   420 |   159 ||   598
 Cast: Freeze            |    61 |   138 |    67 |    10 ||   276
       Frozen Ramparts   |       |     3 |    41 |    17 ||    61
       Ozocubu's Armour  |       |     1 |    28 |    11 ||    40
 Abil: Spit Poison       |    10 |     7 |     3 |       ||    20
Evoke: Wand              |       |       |     2 |       ||     2
  Use: Potion            |       |     2 |     3 |     2 ||     7
       Scroll            |       |     5 |       |    13 ||    18
 Stab: Sleeping          |       |       |     6 |     1 ||     7
       Distracted        |       |       |     2 |       ||     2
Armor: Robe              |    25 |    41 |   252 |    15 ||   333
       Skin              |       |     4 |       |       ||     4
       Ring mail         |       |       |       |    63 ||    63
Dodge: Dodged            |    33 |    58 |   160 |    27 ||   278
Block: Tower shield      |       |     1 |   361 |   226 ||   588
